 Dungeon Crawl Stone Soup version 0.20.1-1-g8b1a95d (webtiles) character file.

1643 Linguinho the Covered (level 8, -17/62 HPs)
             Began as a Demonspawn Fighter on Nov 12, 2017.
             Killed from afar by a big kobold (22 damage)
             ... with a wand of lightning (?/15)
             ... on level 7 of the Dungeon.
             The game lasted 00:11:05 (5357 turns).

Linguinho the Covered (Demonspawn Fighter)          Turns: 5357, Time: 00:11:07

Health: -17/62     AC:  9    Str: 25    XL:     8   Next: 67%
Magic:  8/8        EV: 12    Int:  9    God:
Gold:   330        SH:  0    Dex: 12    Spells: 7/7 levels left

rFire    . . .     SeeInvis .   E - -3 trident (curse)
rCold    . . .     Gourm    .   (no shield)
rNeg     . . .     Faith    .   b - +0 scale mail
rPois    .         Spirit   .   (no helmet)
rElec    .         Reflect  .   (no cloak)
rCorr    .         Harm     .   (no gloves)
MR       .....                  D - +1 pair of boots
Stlth    ..........             (no amulet)
Regen    0.2/turn               (no ring)
MPRegen  0.2/turn               (no ring)

@: mighty, lethally poisoned (-17 -> -26), drained
A: repulsion field 1, demonic guardian 1, powered by pain 1
a: no special abilities


You were on level 7 of the Dungeon.
You were hungry.

You visited 1 branch of the dungeon, and saw 7 of its levels.

You collected 330 gold pieces.

Inventory:

Hand Weapons
 a - a +0 war axe
 w - a +4 quarterstaff of chaos
 E - a cursed -3 trident (weapon)
 F - a +3 dagger
Armour
 b - a +0 scale mail (worn)
 c - a +0 shield
 j - a +2 robe of magic resistance
 D - a +1 pair of boots (worn)
Jewellery
 g - an uncursed ring of wizardry {unknown}
 v - an uncursed ring of protection from cold {unknown}
 H - an uncursed ring of ice {unknown}
 I - an uncursed ring of magical power {unknown}
 L - a +5 ring of dexterity {unknown}
Wands
 p - a wand of confusion (17/48)
 G - a wand of polymorph (6/24)
 K - a wand of random effects (11/48)
 M - a wand of scattershot (4/9)
 N - a wand of paralysis (8/24)
 P - a wand of iceblast (9/15)
Scrolls
 e - a scroll of enchant armour
 m - 3 scrolls of magic mapping
 y - 5 scrolls of teleportation
 A - 3 scrolls of fog
 C - 3 scrolls of amnesia
Potions
 d - a potion of might
 h - a potion of berserk rage {unknown}
 i - 2 potions of lignification
 k - a potion of invisibility {unknown}
 n - 2 potions of ambrosia {unknown}
 o - 2 potions of heal wounds
 q - 2 potions of degeneration {unknown}
 r - a potion of flight {unknown}
 s - 6 potions of curing
 u - 3 potions of brilliance {unknown}
 x - a potion of haste {unknown}
 z - 2 potions of agility {unknown}
 O - a potion of cancellation {unknown}
Books
 J - a book of Conjurations

   Spells                             Type                      Level
   a - Magic Dart                     Conjuration                  1
   b - Searing Ray                    Conjuration                  2
   c - Dazzling Spray                 Conjuration/Hexes            3
   d - Fulminant Prism                Conjuration/Hexes            4
   e - Force Lance                    Conjuration/Translocation    4
   f - Iskenderun's Mystic Blast      Conjuration                  4
Comestibles
 f - 4 bread rations
 l - 5 meat rations
 t - 2 royal jellies
 B - 5 fruits


   Skills:
 + Level 5.0(4.5) Fighting
 + Level 3.3(4.0) Axes
 + Level 4.3(5.2) Polearms
 + Level 4.0(4.5) Staves
 + Level 5.5(5.0) Armour
 + Level 2.1(1.7) Dodging
 + Level 2.4(2.0) Stealth
 + Level 3.2(2.8) Shields


You had 7 spell levels left.
You didn't know any spells.

Dungeon Overview and Level Annotations

Branches:
Dungeon (7/15)
 Temple: D:4-7

Altars:
Xom
Zin

Shops:
D:4 :   D:6 =}[


Innate Abilities, Weirdness & Mutations

You are surrounded by a mild repulsion field. (EV +2)
A weak demonic guardian rushes to your aid.
You sometimes gain a little power by taking damage.


Message History

The kobold wields an uncursed blowgun.
The kobold shoots a poisoned needle.
The poisoned needle completely misses your white imp.
The poisoned needle barely misses you.
Your white imp barely misses the big kobold.
You puncture the big kobold!
The big kobold is moderately wounded.
Your white imp hits the big kobold but does no damage.
The kobold hits your white imp but does no damage.
The kobold shoots a poisoned needle.
The poisoned needle barely misses your white imp.
The poisoned needle hits you!
You are more poisoned.
You hit the big kobold but do no damage.
The big kobold is moderately wounded.
You feel sick.
The big kobold zaps a wand.
The bolt of lightning hits you!
* * * LOW HITPOINT WARNING * * *
You focus on the pain.
You feel very mighty all of a sudden. The bolt of lightning hits you!
You die...

............<#### ###.....#
..........#.....###....####
.........####...)[..(.....#
...##.....# ######.........
#####.# #.###.....
#.########.# .....
#5.........# #####
##).......## #.@5......
#KKKK..... #.........
.......... ##.K..>....
##........ .........
.........


You could see a big kobold, 4 kobolds, a friendly quasit and a friendly white
imp.

Vanquished Creatures
  Duvessa (D:7)
  An ice beast (D:6)
  4 ogres
  A necrophage (D:6)
  Dowan (D:6)
  A scorpion (D:6)
  2 wights (D:7)
  A howler monkey (D:5)
  A crimson imp (D:5)
  A bullfrog skeleton (D:6)
  2 hounds
  2 jellies (D:5)
  An orc wizard (D:3)
  Crazy Yiuf (D:2)
  Ijyb (D:5)
  2 worker ants
  10 adders
  A shadow imp (D:5)
  3 oozes
  3 adder skeletons
  2 worms
  2 dart slugs
  4 leopard geckos
  12 orcs
  5 giant cockroaches
  7 goblins
  3 hobgoblins
  4 jackals (D:5)
  A quokka (D:3)
  A ball python (D:4)
  8 bats
  3 frilled lizards
  6 kobolds
  9 rats
107 creatures vanquished.

Vanquished Creatures (collateral kills)
  Prince Ribbit (D:6)
  2 sky beasts
  An ogre (D:7)
  A bullfrog (D:6)
  A jelly (D:7)
  A worker ant (D:7)
  2 orcs (D:6)
  A kobold (D:7)
10 creatures vanquished.

Vanquished Creatures (others)
  A kobold (D:7)
1 creature vanquished.

Grand Total: 118 creatures vanquished

Notes
Turn   | Place    | Note
-------+----------+-------------------------------------------
     0 | D:1      | Linguinho the Demonspawn Fighter began the quest for the Orb.
     0 | D:1      | Reached XP level 1. HP: 18/18 MP: 1/1
    68 | D:1      | Gained mutation: You sometimes gain a little power by taking damage. [demonic ancestry]
    68 | D:1      | Reached XP level 2. HP: 20/24 MP: 2/2
   432 | D:2      | Found a glowing silver altar of Zin.
   534 | D:2      | Reached XP level 3. HP: 28/29 MP: 3/3
   691 | D:2      | Found a runed door.
  1066 | D:2      | Noticed Crazy Yiuf
  1070 | D:2      | Killed Crazy Yiuf
  1070 | D:2      | Gained mutation: You are surrounded by a mild repulsion field. (EV +2) [demonic ancestry]
  1070 | D:2      | Reached XP level 4. HP: 26/35 MP: 4/4
  1244 | D:3      | Reached skill level 1 in Staves
  1265 | D:3      | Reached XP level 5. HP: 26/41 MP: 5/5
  2247 | D:4      | Noticed an ogre
  2249 | D:4      | Killed an ogre
  2249 | D:4      | Reached skill level 1 in Stealth
  2266 | D:4      | Reached XP level 6. HP: 48/48 MP: 6/6
  2671 | D:4      | Found Meug's Book Emporium.
  2905 | D:5      | Entered Level 5 of the Dungeon
  2937 | D:5      | Noticed Ijyb
  2942 | D:5      | Killed Ijyb
  3002 | D:5      | Reached skill level 1 in Dodging
  3080 | D:5      | Gained mutation: A weak demonic guardian rushes to your aid. [demonic ancestry]
  3080 | D:5      | Reached XP level 7. HP: 36/54 MP: 7/7
  3564 | D:6      | Found Ditaelli's Jewellery Boutique.
  3570 | D:6      | Found Honiogan's Gadget Boutique.
  3739 | D:6      | Reached skill level 1 in Polearms
  4068 | D:6      | Found a shimmering altar of Xom.
  4069 | D:6      | Found a shimmering altar of Xom.
  4070 | D:6      | Found a shimmering altar of Xom.
  4313 | D:6      | Found Avaocleq's Armour Shop.
  4581 | D:6      | Reached XP level 8. HP: 49/59 MP: 8/8
  4811 | D:6      | Found a shimmering altar of Xom.
  4870 | D:7      | Reached skill level 5 in Armour
  4871 | D:7      | Noticed Duvessa
  4873 | D:7      | Noticed Dowan
  4890 | D:7      | Killed Duvessa
  4956 | D:6      | Killed Dowan
  4965 | D:7      | Noticed Prince Ribbit
  5007 | D:6      | HP: 4/91 [Prince Ribbit (10)]
  5010 | D:6      | Killed Prince Ribbit
  5326 | D:7      | Reached skill level 5 in Fighting
  5357 | D:7      | Killed from afar by a big kobold

Skill      XL: |  1  2  3  4  5  6  7  8 |
---------------+-------------------------+-----
Shields        | 3 |  3.2
Axes           | 2 3 |  3.3
Armour         | 3 4 5 |  5.5
Staves         | 1 2 3 4 |  4.0
Stealth        | 1 2 |  2.4
Fighting       | 4 5 |  5.0
Dodging        | 1 2 |  2.1
Polearms       | 2 4 |  4.3

Action                   |  1- 3 |  4- 6 |  7- 9 || total
-------------------------+-------+-------+-------++-------
Melee: War axe           |    85 |       |       ||    85
       Quarterstaff      |       |   142 |    26 ||   168
       Trident           |       |       |   219 ||   219
Evoke: Wand              |       |       |     4 ||     4
  Use: Scroll            |       |       |    10 ||    10
       Potion            |       |       |     4 ||     4
 Stab: Paralysed         |       |     3 |       ||     3
       Distracted        |       |       |     1 ||     1
  Eat: Chunk             |       |     7 |     5 ||    12
       Royal jelly       |       |       |     1 ||     1
Armor: Scale mail        |    45 |    62 |    88 ||   195
       Skin              |       |       |     4 ||     4
Dodge: Dodged            |    29 |    78 |   130 ||   237
Block: Shield            |    48 |       |       ||    48
